Workbook

Sheet Прил 2
I2: Приложение 1
I3: к решению 50 сессии Совета депутатов города Оби Новосибирской области от 09.09.2026 №626
A5: Мероприятия Программы
A7: Наименование мероприятия | B7: Наименование показателя | C7: Ед. изм. | D7: Значение показателя
D8: В том числе по годам реализации
D9: 2024 | E9: 2025 | F9: 2026 | G9: 2027 | H9: 2028 | I9: 2029 | J9: 2030 | K9: 2031 | L9: 2032 | M9: 2033 | N9: Итого | O9: Ответственный исполнитель | P9: Ожидаемый результат
A10: Цель 1 : Обеспечение надежного, устойчивого теплоснабжения потребителей города Оби Новосибирской области
A11: Задача 1 : Развитие системы теплоснабжения города Оби Новосибирской области
A25: 1.1. Строительство, реконструкция и модернизация объектов теплоснабжения | B25: Количество | C25: км | D25: =D32+D34 -> 10.9 | E25: =E32+E34 -> 11 | F25: =F32+F34 -> 11 | G25: =G32+G34 -> 1 | H25: =H32+H34 -> 1 | I25: =I32+I34 -> 0.7 | J25: =J32+J34 -> 1.4 | K25: =K32+K34 -> 0 | ... M25: =M32+M34 -> 0 | N25: =D25+E25+F25+G25+H25+I25+J25+K25+L25+M25 -> 37
B26: Стоимость единицы | C26: тыс.руб. | D26: =D27/D25 -> 1540.2183 | E26: =E27/E25 -> 1498.9182 | F26: =F27/F25 -> 1576.3973 | G26: =G27/G25 -> 10041 | H26: =H27/H25 -> 10071 | I26: =I27/I25 -> 11065.714 | J26: =J27/J25 -> 8832.8571 | K26: 0 | L26: 0 | M26: 0 | N26: =N27/N25 -> 2455.1581
B27: Сумма затрат, в т.ч.: | C27: тыс.руб. | D27: =D28+D29+D30+D31 -> 16788.38 | E27: =E28+E29+E30+E31 -> 16488.1 | F27: =F28+F29+F30+F31 -> 17340.37 | G27: =G28+G29+G30+G31 -> 10041 | H27: =H28+H29+H30+H31 -> 10071 | I27: =I28+I29+I30+I31 -> 7746 | J27: =J28+J29+J30+J31 -> 12366 | K27: =K28+K29+K30+K31 -> 0 | ... M27: =M28+M29+M30+M31 -> 0 | N27: =D27+E27+F27+G27+H27+I27+J27+K27+L27+M27 -> 90840.85 | Q27: =N33+N35 -> 90840.877
B28: Федеральный бюджет | C28: тыс.руб. | D28: 0 | E28: 0 | F28: 0 | G28: 0 | H28: 0 | I28: 0 | J28: 0 | K28: 0 | L28: 0 | M28: 0 | N28: =D28+E28+F28+G28+H28+I28+J28+K28+L28+M28 -> 0
B29: Областной бюджет | C29: тыс.руб. | D29: =6153.88+409.43 -> 6563.31 | E29: =5933.8 -> 5933.8 | F29: =6721.6 -> 6721.6 | G29: 0 | H29: 0 | I29: 0 | J29: 0 | K29: 0 | L29: 0 | M29: 0 | N29: =D29+E29+F29+G29+H29+I29+J29+K29+L29+M29 -> 19218.71
B30: Местный бюджет | C30: тыс.руб. | D30: =283.23+18.84 -> 302.07 | E30: =312.3 -> 312.3 | F30: =353.77 -> 353.77 | G30: 0 | H30: 0 | I30: 0 | J30: 0 | K30: 0 | L30: 0 | M30: 0 | N30: =D30+E30+F30+G30+H30+I30+J30+K30+L30+M30 -> 968.14
B31: Внебюджетные источники | C31: тыс.руб. | D31: =D33 -> 9923 | E31: =E33 -> 10242 | F31: =F33 -> 10265 | G31: =G33 -> 10041 | H31: =H33 -> 10071 | I31: =I33 -> 7746 | J31: =J33 -> 12366 | K31: =K33 -> 0 | ... M31: =M33 -> 0 | N31: =D31+E31+F31+G31+H31+I31+J31+K31+L31+M31 -> 70654
A32: 1.1.1. Исполнение схемы теплоснабжения единой теплоснабжающей организацией ООО "Центр" (приведение муниципальных тепловых сетей г.Оби в нормативное состояние) | B32: Количество | C32: км | D32: 0.9 | E32: 1 | F32: 1 | G32: 1 | H32: 1 | I32: 0.7 | J32: 1.4 | N32: =D32+E32+F32+G32+H32+I32+J32+K32+L32+M32 -> 7 | O32: Управление ЖКХ и Б, МКУ "ОКС« | P32: Повышение надежности и качества предоставляемых услуг; снижение уровня износа объектов коммунальной инфраструктуры
B33: Сумма затрат: | C33: тыс.руб. | D33: 9923 | E33: 10242 | F33: 10265 | G33: 10041 | H33: 10071 | I33: 7746 | J33: 12366 | N33: =D33+E33+F33+G33+H33+I33+J33+K33+L33+M33 -> 70654
A34: 1.2.1. Приобретение материалов для выполнения текущего ремонта на инженерных сетях г.Оби | B34: Количество | C34: шт. | D34: 10 | E34: 10 | F34: 10 | N34: =D34+E34+F34+G34+H34+I34+J34+K34+L34+M34 -> 30
B35: Сумма затрат: | C35: тыс.руб. | D35: =6563.3+302.07657 -> 6865.3766 | E35: 6246.1 | F35: =6721.6+353.8 -> 7075.4 | N35: =D35+E35+F35+G35+H35+I35+J35+K35+L35+M35 -> 20186.877
A36: Итого затрат на решение задачи 1 цели 1, в том числе: | B36: Всего | C36: тыс.руб. | D36: =D37+D38+D39+D40 -> 16788.38 | E36: =E37+E38+E39+E40 -> 16488.1 | F36: =F37+F38+F39+F40 -> 17340.37 | G36: =G37+G38+G39+G40 -> 10041 | H36: 0 | I36: 0 | J36: =J37+J38+J39+J40 -> 12366 | K36: =K37+K38+K39+K40 -> 0 | L36: =L37+L38+L39+L40 -> 0 | M36: =M37+M38+M39+M40 -> 0 | N36: =D36+E36+F36+G36+H36+I36+J36+K36+L36+M36 -> 73023.85
B37: Федеральный бюджет | C37: тыс.руб. | D37: 0 | E37: 0 | F37: 0 | G37: 0 | H37: 0 | I37: 0 | J37: 0 | K37: 0 | L37: 0 | M37: 0 | N37: 0
B38: Областной бюджет | C38: тыс.руб. | D38: =D16+D29 -> 6563.31 | E38: =E16+E29 -> 5933.8 | F38: =F16+F29 -> 6721.6 | G38: =G16+G29 -> 0 | H38: =H16 -> 0 | I38: =I16+I29 -> 0 | J38: =J16+J29 -> 0 | K38: 0 | L38: =L16+L29 -> 0 | M38: =M16+M29 -> 0 | N38: =D38+E38+F38+G38+H38+I38+J38+K38+L38+M38 -> 19218.71
B39: Местный бюджет | C39: тыс.руб. | D39: =D17+D30 -> 302.07 | E39: =E17+E30 -> 312.3 | F39: =F17+F30 -> 353.77 | G39: =G17+G30 -> 0 | H39: =H17+H29 -> 0 | I39: =I17+I29 -> 0 | J39: =J17+J29 -> 0 | K39: =K17+K29 -> 0 | L39: =L17+L29 -> 0 | M39: =M17+M29 -> 0 | N39: =D39+E39+F39+G39+H39+J39+K39+L39+M39 -> 968.14
B40: Внебюджетные источники | C40: тыс.руб. | D40: =D18+D31 -> 9923 | E40: =E18+E31 -> 10242 | F40: =F18+F31 -> 10265 | G40: =G18+G31 -> 10041 | H40: =H18+H31 -> 10071 | I40: =I18+I31 -> 7746 | J40: =J18+J31 -> 12366 | K40: =K18+K31 -> 0 | ... M40: =M18+M31 -> 0 | N40: =D40+E40+F40+G40+H40+I40+J40+K40+L40 -> 70654
A41: Цель 2 : Обеспечение надежного, устойчивого водоснабжения потребителей города Оби Новосибирской области
A42: Задача 1 : Развитие системы водоснабжения города Оби Новосибирской области
A43: 2.1. Проектирование для строительства, реконструкции, модернизации объектов водоснабжения | B43: Количество | C43: шт | D43: =D82 -> 1 | E43: =E94 -> 1 | F43: =F50+F52+F54+F56+F58+F60+F62+F64+F66+F68+F70+F72+F74+F76+F78+F80 -> 1 | G43: =G50+G52+G54+G56+G58+G60+G62+G64+G66+G68+G70+G72+G74+G76+G78+G80 -> 2 | H43: =H50+H52+H54+H56+H58+H60+H62+H64+H66+H68+H70+H72+H74+H76+H78+H80 -> 4 | I43: =I50+I52+I54+I56+I58+I60+I62+I64+I66+I68+I70+I72+I74+I76+I78+I80 -> 0 | J43: =J50+J52+J54+J56+J58+J60+J62+J64+J66+J68+J70+J72+J74+J76+J78+J80 -> 0 | K43: =K50+K52+K54+K56+K58+K60+K62+K64+K66+K68+K70+K72+K74+K76+K78+K80 -> 1 | L43: =L50+L52+L54+L56+L58+L60+L62+L64+L66+L68+L70+L72+L74+L76+L78+L80 -> 0 | M43: =M50+M52+M54+M56+M58+M60+M62+M64+M66+M68+M70+M72+M74+M76+M78+M80 -> 0 | N43: =D43+E43+F43+G43+H43+I43+J43+K43+L43+M43 -> 10
B44: Стоимость единицы | C44: тыс.руб. | D44: =D45/D43 -> 998.5 | E44: =E45/E43 -> 591.1 | F44: =F45/F43 -> 1728.9 | G44: =G45/G43 -> 10829.95 | H44: =H45/H43 -> 8282.3 | I44: 0 | J44: 0 | K44: =K45/K43 -> 10000 | L44: 0 | M44: 0 | N44: =N45/N43 -> 6810.76
B45: Сумма затрат, в том числе: | C45: тыс.руб. | D45: =D46+D47+D48+D49 -> 998.5 | E45: =E46+E47+E48+E49 -> 591.1 | F45: =F46+F47+F48+F49 -> 1728.9 | G45: =G46+G47+G48+G49 -> 21659.9 | H45: =H46+H47+H48+H49 -> 33129.2 | I45: =I46+I47+I48+I49 -> 0 | J45: =J46+J47+J48+J49 -> 0 | K45: =K46+K47+K48+K49 -> 10000 | ... M45: =M46+M47+M48+M49 -> 0 | N45: =D45+E45+F45+G45+H45+I45+J45+K45+L45+M45 -> 68107.6 | Q45: =N51+N53+N55+N61+N63+N65+N69+N71+N73+N75+N79+N77+N81+N83+N87+N89+N91+N93+N95+N99+N101 -> 68107.6
B46: Федеральный бюджет | C46: тыс.руб. | D46: 0 | E46: 0 | F46: 0 | G46: 0 | H46: 0 | I46: 0 | J46: 0 | K46: 0 | L46: 0 | M46: 0 | N46: =D46+E46+F46+G46+H46+I46+J46+K46+L46+M46 -> 0
B47: Областной бюджет | C47: тыс.руб. | D47: 669.2 | E47: =541.1 -> 541.1 | F47: 0 | G47: =G81*95% -> 15125.425 | H47: =H87*95% -> 9344.105 | I47: =(I51+I53+I55+I61+I63+I65+I69+I71+I73+I75+I79+I77)*95.6% -> 0 | J47: =(J51+J53+J55+J61+J63+J65+J69+J71+J73+J75+J79+J77)*95.6% -> 0 | K47: =(K51+K53+K55+K61+K63+K65+K69+K71+K73+K75+K79+K77)*95% -> 9500 | L47: =(L51+L53+L55+L61+L63+L65+L69+L71+L73+L75+L79+L77)*95.6% -> 0 | M47: =(M51+M53+M55+M61+M63+M65+M69+M71+M73+M75+M79+M77)*95.6% -> 0 | N47: =D47+E47+F47+G47+H47+I47+J47+K47+L47+M47 -> 35179.83
B48: Местный бюджет | C48: тыс.руб. | D48: =D83+30.8 -> 329.3 | E48: 50 | F48: =F51+F53+F55+F61+F63+F65+F69+F71+F73+F75+F77+F79+F81+F83 -> 1728.9 | G48: =G81*5%+G79+G89+G91 -> 6534.475 | H48: =H61+H63+H65+H77+H87*5%+H99+H101 -> 23785.095 | I48: =(I51+I53+I55+I61+I63+I65+I69+I71+I73+I75+I79+I77)*4.4% -> 0 | J48: =(J51+J53+J55+J61+J63+J65+J69+J71+J73+J75+J79+J77)*4.4% -> 0 | K48: =K53*5% -> 500 | L48: =(L51+L53+L55+L61+L63+L65+L69+L71+L73+L75+L79+L77)*4.4% -> 0 | M48: =(M51+M53+M55+M61+M63+M65+M69+M71+M73+M75+M79+M77)*4.4% -> 0 | N48: =D48+E48+F48+G48+H48+I48+J48+K48+L48+M48 -> 32927.77
B49: Внебюджетные источники | C49: тыс.руб. | D49: 0 | E49: 0 | F49: 0 | G49: 0 | H49: 0 | I49: =I51 -> 0 | J49: 0 | K49: 0 | L49: 0 | M49: 0 | N49: =D49+E49+F49+G49+H49+I49+J49+K49+L49+M49 -> 0
O50: Управление ЖКХ и Б, МКУ "ОКС". МУП "Горводоканал" | P50: Повышение надежности и качества предоставляемых услуг; снижение уровня износа объектов коммунальной инфраструктуры; обеспечение инженерной инфраструктурой земельных участков
A52: 2.1.1.Разработка ПСД на строительство водопроводных сетей от дома № 24 ЖКО Аэропорта 24 до дома № 27 ЖКО Аэропорта диаметром 100 мм (L= 1,6 км) | B52: Количество | C52: шт. | K52: 1 | N52: =D52+E52+F52+G52+H52+I52+J52+K52+L52+M52 -> 1
B53: Сумма затрат: | C53: тыс.руб. | K53: 10000 | N53: =D53+E53+F53+G53+H53+I53+J53+K53+L53+M53 -> 10000
A54: 2.1.2.Разработка ПСД на строительство водопроводных сетей частного сектора ул. Рабочая (24 дома) | B54: Количество | C54: шт. | F54: 1 | N54: =D54+E54+F54+G54+H54+I54+J54+K54+L54+M54 -> 1 | O54: Управление ЖКХ и Б, МКУ "ОКС". МУП "Горводоканал" | P54: Повышение надежности и качества предоставляемых услуг; снижение уровня износа объектов коммунальной инфраструктуры; обеспечение инженерной инфраструктурой земельных участков
B55: Сумма затрат: | C55: тыс.руб. | F55: 1728.9 | N55: =D55+E55+F55+G55+H55+I55+J55+K55+L55+M55 -> 1728.9
N56: =D56+E56+F56+G56+H56+I56+J56+K56+L56+M56 -> 0
N57: =D57+E57+F57+G57+H57+I57+J57+K57+L57+M57 -> 0
N58: =D58+E58+F58+G58+H58+I58+J58+K58+L58+M58 -> 0
N59: =D59+E59+F59+G59+H59+I59+J59+K59+L59+M59 -> 0
A60: 2.1.3. Разработка ПСД на капитальный ремонт водопроводных сетей ул.Байдукова г.Оби | B60: Количество | C60: шт. | H60: 1 | N60: =D60+E60+F60+G60+H60+I60+J60+K60+L60+M60 -> 1
B61: Сумма затрат: | C61: тыс.руб. | H61: =2000 -> 2000 | N61: =D61+E61+F61+G61+H61+I61+J61+K61+L61+M61 -> 2000
A62: 2.1.4. Разработка ПСД на реконструкцию ВНС-2 | B62: Количество | C62: шт. | H62: 1 | N62: =D62+E62+F62+G62+H62+I62+J62+K62+L62+M62 -> 1
B63: Сумма затрат: | C63: тыс.руб. | H63: 8000 | N63: =D63+E63+F63+G63+H63+I63+J63+K63+L63+M63 -> 8000
A64: 2.1.5. Разработка ПСД на капитальный ремонт участка водопроводной сети от ул. ЖКО Аэропорта 26/1 до ул. ЖКО Аэропорта 25 (270 м) | B64: Количество | C64: шт. | H64: 1 | N64: =D64+E64+F64+G64+H64+I64+J64+K64+L64+M64 -> 1
B65: Сумма затрат: | C65: тыс.руб. | H65: 3000 | N65: =D65+E65+F65+G65+H65+I65+J65+K65+L65+M65 -> 3000
N66: =D66+E66+F66+G66+H66+I66+J66+K66+L66+M66 -> 0
N67: =D67+E67+F67+G67+H67+I67+J67+K67+L67+M67 -> 0
A76: 2.1.6. Разработка ПСД на строительство второго водовода Д300 мм до РЧВ ВНС-2 | B76: Количество | C76: шт. | H76: 1 | N76: =D76+E76+F76+G76+H76+I76+J76+K76+L76+M76 -> 1
B77: Сумма затрат: | C77: тыс.руб. | H77: 6000 | N77: =D77+E77+F77+G77+H77+I77+J77+K77+L77+M77 -> 6000
A78: 2.1.7. Разработка ПСД на строительство водопроводных сетей по ул. О.Кошевого от пер.Байдукова до пер. Безымянный в г.Оби (430м) | B78: Количество | C78: шт. | G78: 1 | N78: =D78+E78+F78+G78+H78+I78+J78+K78+L78+M78 -> 1
B79: Сумма затрат: | C79: тыс.руб. | G79: 2353.4 | N79: =D79+E79+F79+G79+H79+I79+J79+K79+L79+M79 -> 2353.4
A80: 2.1.8. Разработка ПСД на строительство водопровода по ул. Сигнальная (ИЖС) | B80: Количество | C80: шт. | G80: 1 | N80: =D80+E80+F80+G80+H80+I80+J80+K80+L80+M80 -> 1
B81: Сумма затрат: | C81: тыс.руб. | G81: 15921.5 | N81: =D81+E81+F81+G81+H81+I81+J81+K81+L81+M81 -> 15921.5
A82: 2.1.9. Разработка ПСД на установку пожарных гидрантов на существующих водопроводных сетях в г. Оби Новосибирской области | B82: Количество | C82: шт. | D82: 1 | N82: =D82+E82+F82+G82+H82+I82+J82+K82+L82+M82 -> 1
B83: Сумма затрат: | C83: тыс.руб. | D83: 298.5 | N83: =D83+E83+F83+G83+H83+I83+J83+K83+L83+M83 -> 298.5
A86: 2.1.10. Разработка ПСД на реконструкцию участка водопровода от совхоза до ул. Шевченко № 00120827 (кадастровый номер 54:36:000000:737) (участок водопровода по пер. Водопроводный от ул. Вокзальная до ул. Шевченко 1250 м) | B86: Количество | C86: шт. | H86: 1 | N86: =D86+E86+F86+G86+H86+I86+J86+K86+L86+M86 -> 1
B87: Сумма затрат: | C87: тыс.руб. | H87: 9835.9 | N87: =D87+E87+F87+G87+H87+I87+J87+K87+L87+M87 -> 9835.9
A88: 2.1.11.Разработка ПСД на капитальный ремонт участка водопровода от ул. ЖКО Аэропорта 22 до ул. ЖКО Аэропорта 9 (130 м) | B88: Количество | C88: шт. | G88: 1 | N88: =D88+E88+F88+G88+H88+I88+J88+K88+L88+M88 -> 1
B89: Сумма затрат: | C89: тыс.руб. | G89: 1389.1 | N89: =D89+E89+F89+G89+H89+I89+J89+K89+L89+M89 -> 1389.1
A90: 2.1.12.Разработка ПСД на капитальный ремонт участка водопровода от ул. М.Горького 1 до ул. Шевченко 1а (330 м) | B90: Количество | C90: шт. | G90: 1 | N90: =D90+E90+F90+G90+H90+I90+J90+K90+L90+M90 -> 1
B91: Сумма затрат: | C91: тыс.руб. | G91: 1995.9 | N91: =D91+E91+F91+G91+H91+I91+J91+K91+L91+M91 -> 1995.9
A92: 2.1.13.Разработка ПСД на строительство водопроводных сетей ул. Тенистая г.Оби | B92: Количество | C92: шт. | D92: 1 | N92: =D92+E92+F92+G92+H92+I92+J92+K92+L92+M92 -> 1
B93: Сумма затрат: | C93: тыс.руб. | D93: 700 | N93: =D93+E93+F93+G93+H93+I93+J93+K93+L93+M93 -> 700
A94: 2.1.14. Разработка ПСД на строительство водопроводных сетей ул. Станционная г.Оби | B94: Количество | C94: шт. | E94: 1 | N94: =D94+E94+F94+G94+H94+I94+J94+K94+L94+M94 -> 1
B95: Сумма затрат: | C95: тыс.руб. | E95: =541.1+50 -> 591.1 | N95: =D95+E95+F95+G95+H95+I95+J95+K95+L95+M95 -> 591.1
A98: 2.1.15. Разработка ПСД на строительство водопроводных сетей ул. 2-й км г.Оби | B98: Количество | C98: шт. | H98: 1 | N98: =D98+E98+F98+G98+H98+I98+J98+K98+L98+M98 -> 1
B99: Сумма затрат: | C99: тыс.руб. | H99: 1500 | N99: =D99+E99+F99+G99+H99+I99+J99+K99+L99+M99 -> 1500
A100: 2.1.16.Разработка ПСД на строительство водопроводных сетей ул. 3-я Северная г.Оби | B100: Количество | C100: шт. | H100: 1 | N100: =D100+E100+F100+G100+H100+I100+J100+K100+L100+M100 -> 1
B101: Сумма затрат: | C101: тыс.руб. | H101: 2793.3 | N101: =D101+E101+F101+G101+H101+I101+J101+K101+L101+M101 -> 2793.3
A102: 2.2. Строительство, реконструкция, модернизация объектов водоснабжения | B102: Количество | C102: км | D102: =D109+D111+D113+D115+D117+D119+D121+D123+D127+D129+D131+D133+D135+D137+D141+D139+D143+D145+D147+D149+D151+D153 -> 0.5 | E102: =E109+E111+E113+E115+E117+E119+E121+E123+E127+E129+E131+E133+E135+E137+E141+E139+E143+E145+E147+E149+E151+E153 -> 10 | F102: =F109+F111+F113+F115+F117+F119+F121+F123+F127+F129+F131+F133+F135+F137+F141+F139+F143+F145+F147+F149+F151+F153 -> 0 | G102: =G109+G111+G113+G115+G117+G119+G121+G123+G127+G129+G131+G133+G135+G137+G141+G139+G143+G145+G147+G149+G151+G153 -> 12.9 | H102: =H109+H111+H113+H115+H117+H119+H121+H123+H127+H129+H131+H133+H135+H137+H141+H139+H143+H145+H147+H149+H151+H153 -> 11.93 | I102: =I109+I111+I113+I115+I117+I119+I121+I123+I127+I129+I131+I133+I135+I137+I141+I139+I143+I145+I147+I149+I151+I153 -> 13.73 | J102: =J109+J111+J113+J115+J117+J119+J121+J123+J127+J129+J131+J133+J135+J137+J141+J139+J143+J145+J147+J149+J151+J153 -> 2.25 | K102: =K109+K111+K113+K115+K117+K119+K121+K123+K127+K129+K131+K133+K135+K137+K141+K139+K143+K145+K147+K149+K151+K153 -> 0 | ... M102: =M109+M111+M113+M115+M117+M119+M121+M123+M127+M129+M131+M133+M135+M137+M141+M139+M143+M145+M147+M149+M151+M153 -> 1.6 | N102: =D102+E102+F102+G102+H102+I102+J102+K102+L102+M102 -> 52.91
B103: Стоимость единицы | C103: тыс.руб. | D103: =D104/D102 -> 80491.4 | E103: =E104/E102 -> 308.65 | F103: 0 | G103: =G104/G102 -> 12284.348 | H103: =H104/H102 -> 15045.968 | I103: =I104/I102 -> 286.42389 | J103: 0 | K103: 0 | L103: 0 | M103: 0 | N103: =N104/N102 -> 7280.8787
B104: Сумма затрат, в т.ч.: | C104: тыс.руб. | D104: =D105+D106+D107+D108 -> 40245.7 | E104: =E105+E106+E107+E108 -> 3086.5 | F104: =F105+F106+F107+F108 -> 0 | G104: =G105+G106+G107+G108 -> 158468.09 | H104: =H105+H106+H107+H108 -> 179498.4 | I104: =I105+I106+I107+I108 -> 3932.6 | J104: =J105+J106+J107+J108 -> 0 | K104: =K105+K106+K107+K108 -> 0 | ... M104: =M105+M106+M107+M108 -> 0 | N104: =D104+E104+F104+G104+H104+I104+J104+K104+L104+M104 -> 385231.29 | Q104: =N110+N112+N114+N116+N118+N120+N122+N124+N128+N130+N132+N134+N136+N138+N142+N140+N144+N146+N148+N150+N152+N154+N156+N158+N160 -> 385231.29
B105: Федеральный бюджет | C105: тыс.руб. | D105: 0 | E105: 0 | F105: 0 | G105: 0 | H105: 0 | I105: 0 | J105: 0 | K105: 0 | L105: 0 | M105: 0 | N105: =D105+E105+F105+G105+H105+I105+J105+K105+L105+M105 -> 0 | O105: Управление ЖКХ и Б, МКУ "ОКС". МУП "Горводоканал" | P105: Повышение надежности и качества предоставляемых услуг; снижение уровня износа объектов коммунальной инфраструктуры; обеспечение инженерной инфраструктурой земельных участков
B106: Областной бюджет | C106: тыс.руб. | D106: =38474.9 -> 38474.9 | E106: 0 | F106: 0 | G106: =G110*95% -> 147219.69 | H106: =H110*95%+H144*95% -> 166998.98 | I106: =I110 -> 0 | J106: =J110 -> 0 | K106: =K110 -> 0 | L106: =L110 -> 0 | M106: =M110 -> 0 | N106: =D106+E106+F106+G106+H106+I106+J106+K106+L106+M106 -> 352693.57
B107: Местный бюджет | C107: тыс.руб. | D107: =1770.8 -> 1770.8 | E107: =E134+E136+E138+E140 -> 3086.5 | F107: =F134+F136+F138+F140 -> 0 | G107: =G132+G134+G136+G138+G140+G110*5% -> 11248.405 | H107: =H110*5%+H144*5%+H140 -> 12499.42 | I107: =I140 -> 3932.6 | J107: =J134+J136+J138+J142 -> 0 | K107: =K134+K136+K138+K142 -> 0 | L107: =L134+L136+L138+L142 -> 0 | M107: =M134+M136+M138+M142 -> 0 | N107: =D107+E107+F107+G107+H107+I107+J107+K107+L107+M107 -> 32537.724
B108: Внебюджетные источники | C108: тыс.руб. | D108: 0 | E108: 0 | F108: 0 | G108: 0 | H108: 0 | I108: 0 | J108: 0 | K108: 0 | L108: 0 | M108: 0 | N108: =D108+E108+F108+G108+H108+I108+J108+K108+L108+M108 -> 0
A109: 2.2.1. Строительство водопроводных сетей ул.Станционная | B109: Количество | C109: км | G109: 1.1 | H109: 1.1 | N109: =D109+E109+F109+G109+H109+I109+J109+K109+L109+M109 -> 2.2
B110: Сумма затрат: | C110: тыс.руб. | G110: =154968.09 -> 154968.09 | H110: =159116.44 -> 159116.44 | N110: =D110+E110+F110+G110+H110+I110+J110+K110+L110+M110 -> 314084.53
A111: 2.2.2. Строительство водопроводных сетей и пожарного резервуара ул.Сигнальная | B111: Количество | C111: км | D111: 0.5 | N111: =D111+E111+F111+G111+H111+I111+J111+K111+L111+M111 -> 0.5
B112: Сумма затрат: | C112: тыс.руб. | D112: =40245.7 -> 40245.7 | N112: =D112+E112+F112+G112+H112+I112+J112+K112+L112+M112 -> 40245.7
A113: 2.2.3.Строительство водопроводных сетей по ул. О.Кошевого от пер.Байдукова до пер. Безымянный в г.Оби (430м) | B113: Количество | C113: км | H113: 0.1 | N113: =D113+E113+F113+G113+H113+I113+J113+K113+L113+M113 -> 0.1
B114: Сумма затрат: | C114: тыс.руб. | H114: согласно ПСД | N114: 0
A115: 2.2.4. Капитальный ремонт водопроводных сетей ул.Байдукова г.Оби | B115: Количество | C115: км | I115: 2 | N115: =D115+E115+F115+G115+H115+I115+J115+K115+L115+M115 -> 2
B116: Сумма затрат: | C116: тыс.руб. | I116: согласно ПСД | N116: 0
A117: 2.2.5. Строительство водопроводных сетей ул.Рабочая г.Оби | B117: Количество | C117: км | G117: 0.8 | N117: =D117+E117+F117+G117+H117+I117+J117+K117+L117+M117 -> 0.8
B118: Сумма затрат: | C118: тыс.руб. | G118: согласно ПСД | N118: 0
A121: 2.2.6. Строительство водопроводных сетей от дома № 24 ЖКО Аэропорта 24 до дома № 27 ЖКО Аэропорта диаметром 100 мм, L=1,6 км | B121: Количество | C121: км | M121: 1.6 | N121: =D121+E121+F121+G121+H121+I121+J121+K121+L121+M121 -> 1.6 | O121: Управление ЖКХ и Б, МКУ "ОКС". МУП "Горводоканал" | P121: Повышение надежности и качества предоставляемых услуг; снижение уровня износа объектов коммунальной инфраструктуры; обеспечение инженерной инфраструктурой земельных участков
B122: Сумма затрат: | C122: тыс.руб. | M122: согласно ПСД | N122: 0
A123: 2.2.7. Строительство водопроводных сетей ул.Путейцев г.Оби | B123: Количество | C123: км | G123: 1 | N123: =D123+E123+F123+G123+H123+I123+J123+K123+L123+M123 -> 1
B124: Сумма затрат: | C124: тыс.руб. | G124: согласно ПСД | N124: 0
A129: 2.2.8. Капитальный ремонт участка водопроводной сети от ул. ЖКО Аэропорта 26/1 до ул. ЖКО Аэропорта 25 (270 м) | B129: Количество | C129: км | I129: 0.3 | N129: =D129+E129+F129+G129+H129+I129+J129+K129+L129+M129 -> 0.3
B130: Сумма затрат: | C130: тыс.руб. | I130: согласно ПСД | N130: 0
A131: 2.2.9. Реконструкция ВНС-2 в г.Оби | B131: Количество | C131: шт. | J131: 1 | N131: =D131+E131+F131+G131+H131+I131+J131+K131+L131+M131 -> 1
B132: Сумма затрат: | C132: тыс.руб. | J132: согласно ПСД | N132: 0
A139: 2.2.10. Установка дополнительных пожарных гидрантов на существующих сетях водоснабжения г.Оби | B139: Количество | C139: шт. | E139: 10 | G139: 10 | H139: 10 | I139: 10 | N139: =D139+E139+F139+G139+H139+I139+J139+K139+L139+M139 -> 40
B140: Сумма затрат: | C140: тыс.руб. | E140: 3086.5 | G140: 3500 | H140: 3710 | I140: 3932.6 | N140: =D140+E140+F140+G140+H140+I140+J140+K140+L140+M140 -> 14229.1
A141: 2.2.11. Строительство водопроводных сетей по ул. О.Кошевого от пер.Байдукова до пер. Безымянный | B141: Количество | C141: км | H141: 0.43 | N141: =D141+E141+F141+G141+H141+I141+J141+K141+L141+M141 -> 0.43
...

Sheet  Прил 3
G2: Приложение 2
G3: к решению 50 сессии Совета депутатов города Оби Новосибирской области от 09.09.2026 №626
L5: Таблица 1
A6: Сводные финансовые затраты Программы
A7: Источники и объемы расходов по программе | B7: Финансовые затраты | M7: Примечание
B8: Всего | C8: 2024 год | D8: 2025 год | E8: 2026 год | F8: 2027 год | G8: 2028 год | H8: 2029 год | I8: 2030 год | J8: 2031 год | K8: 2032 год | L8: 2033 год
A10: Всего финансовых затрат, в том числе из: | B10: =C10+D10+E10+F10+G10+H10+I10+J10+K10+L10 -> 1247701.5 | C10: =C11+C12+C13+C14 -> 61782.73 | D10: =D11+D12+D13+D14 -> 145625.7 | E10: =E11+E12+E13+E14 -> 196681.47 | F10: =F11+F12+F13+F14 -> 436984.69 | G10: =G11+G12+G13+G14 -> 323574.8 | H10: =H11+H12+H13+H14 -> 35176.1 | I10: =I11+I12+I13+I14 -> 19876 | J10: =J11+J12+J13+J14 -> 16000 | ... L10: =L11+L12+L13+L14 -> 6000
A11: Федерального бюджета | B11: =C11+D11+E11+F11+G11+H11+I11+J11+K11+L11 -> 0 | C11: ='Прил 2'!D382 -> 0 | D11: ='Прил 2'!E382 -> 0 | E11: ='Прил 2'!F382 -> 0 | F11: ='Прил 2'!G382 -> 0 | G11: ='Прил 2'!H382 -> 0 | H11: ='Прил 2'!I382 -> 0 | I11: ='Прил 2'!J382 -> 0 | J11: ='Прил 2'!K382 -> 0 | K11: ='Прил 2'!L382 -> 0 | L11: 0
A12: Областного бюджета | B12: =C12+D12+E12+F12+G12+H12+I12+J12+K12+L12 -> 770792.77 | C12: ='Прил 2'!D383 -> 45707.41 | D12: ='Прил 2'!E383 -> 6474.9 | E12: ='Прил 2'!F383 -> 111344.25 | F12: ='Прил 2'!G383 -> 370471.11 | G12: ='Прил 2'!H383 -> 183359.97 | H12: ='Прил 2'!I383 -> 22085.125 | I12: ='Прил 2'!J383 -> 4750 | J12: ='Прил 2'!K383 -> 15200 | ... L12: ='Прил 2'!M383 -> 5700
A13: Местного бюджета | B13: =C13+D13+E13+F13+G13+H13+I13+J13+K13+L13 -> 133714.72 | C13: ='Прил 2'!D384 -> 6152.32 | D13: ='Прил 2'!E384 -> 7338.8 | E13: ='Прил 2'!F384 -> 43932.225 | F13: ='Прил 2'!G384 -> 32892.58 | G13: ='Прил 2'!H384 -> 36653.825 | H13: ='Прил 2'!I384 -> 5094.975 | I13: ='Прил 2'!J384 -> 250 | J13: ='Прил 2'!K384 -> 800 | ... L13: ='Прил 2'!M384 -> 300
A14: Внебюджетных источников | B14: =C14+D14+E14+F14+G14+H14+I14+J14+K14+L14 -> 343194 | C14: ='Прил 2'!D385 -> 9923 | D14: ='Прил 2'!E385 -> 131812 | E14: ='Прил 2'!F385 -> 41405 | F14: ='Прил 2'!G385 -> 33621 | G14: ='Прил 2'!H385 -> 103561 | H14: ='Прил 2'!I385 -> 7996 | I14: ='Прил 2'!J385 -> 14876 | J14: ='Прил 2'!K385 -> 0 | ... L14: ='Прил 2'!M385 -> 0

Sheet Табл2
O1: Таблица 2
A2: Источники финансирования
A3: Программы в разрезе реестра расходных обязательств и ведомственной структуры расходов
A4: местного бюджета
A5: №п.п. | B5: Наименование расходного обязательства | C5: ГРБС | D5: РЗ | E5: ПР | F5: ЦСР | G5: КВР | H5: Период реализации программы
H6: 2024 год | I6: 2025 год | J6: 2026 год | K6: 2027 год | L6: 2028 год | M6: 2029 год | N6: 2030 год | O6: 2031 год | P6: 2032 год | Q6: 2033 год
A7: 1. | B7: Выполнение мероприятий по программе комплексного развития системы коммунальной инфраструктуры города Оби Новосибирской области на 2024-2028 годы и период до 2034 года | C7: 730 | D7: 05 | E7: 02 | F7: 0910570600 | G7: 811 | H7: ='Прил 2'!D29 -> 6563.31 | I7: ='Прил 2'!E29 -> 5933.8 | J7: ='Прил 2'!F29+'Прил 2'!F261*95% -> 11344.3 | K7: ='Прил 2'!G29 -> 0 | L7: ='Прил 2'!H29 -> 0 | M7: ='Прил 2'!I29 -> 0 | N7: ='Прил 2'!J29 -> 0 | O7: ='Прил 2'!K29 -> 0 | P7: ='Прил 2'!L29 -> 0 | Q7: ='Прил 2'!M29 -> 0
C8: 730 | D8: 05 | E8: 02 | F8: 0910570619 | G8: 811 | H8: ='Прил 2'!D30 -> 302.07 | I8: ='Прил 2'!E30 -> 312.3 | J8: ='Прил 2'!F30+'Прил 2'!F261*5% -> 597.07 | K8: ='Прил 2'!G30 -> 0 | L8: ='Прил 2'!H30 -> 0 | M8: ='Прил 2'!I30 -> 0 | N8: ='Прил 2'!J30 -> 0 | O8: ='Прил 2'!K30 -> 0 | P8: ='Прил 2'!L30 -> 0 | Q8: ='Прил 2'!M30 -> 0
C9: 730 | D9: 05 | E9: 02 | F9: 0910570600 | G9: 414 | H9: ='Прил 2'!D93*95.6% -> 669.2 | I9: ='Прил 2'!E95-50 -> 541.1 | J9: 0 | K9: 0 | L9: 0 | M9: 0 | N9: 0 | O9: 0 | P9: 0 | Q9: 0
C10: 730 | D10: 05 | E10: 02 | F10: 0910570619 | G10: 414 | H10: ='Прил 2'!D93*4.4% -> 30.8 | I10: ='Прил 2'!E95-Табл2!I9 -> 50 | J10: 0 | K10: 0 | L10: 0 | M10: 0 | N10: 0 | O10: 0 | P10: 0 | Q10: 0
C11: 730 | D11: 05 | E11: 02 | F11: 9900003439 | G11: 414 | J11: ='Прил 2'!F55 -> 1728.9 | K11: ='Прил 2'!G30 -> 0 | L11: ='Прил 2'!H30 -> 0 | M11: ='Прил 2'!I30 -> 0 | N11: ='Прил 2'!J30 -> 0 | O11: ='Прил 2'!K30 -> 0 | P11: ='Прил 2'!L30 -> 0 | Q11: ='Прил 2'!M30 -> 0
C12: 730 | D12: 05 | E12: 02 | F12: 6600002260 | G12: 243 | H12: ='Прил 2'!D83 -> 298.5 | K12: ='Прил 2'!G89+'Прил 2'!G91 -> 3385 | L12: ='Прил 2'!H99+'Прил 2'!H101+'Прил 2'!H61+'Прил 2'!H63+'Прил 2'!H65+'Прил 2'!H77 -> 23293.3 | M12: ='Прил 2'!I89+'Прил 2'!I91 -> 0 | N12: ='Прил 2'!J89+'Прил 2'!J91 -> 0 | O12: ='Прил 2'!K89+'Прил 2'!K91 -> 0 | P12: ='Прил 2'!L89+'Прил 2'!L91 -> 0 | Q12: ='Прил 2'!M89+'Прил 2'!M91 -> 0
C13: 730 | D13: 05 | E13: 02 | F13: 6600002260 | G13: 414 | J13: ='Прил 2'!F79 -> 0 | K13: ='Прил 2'!G79 -> 2353.4 | L13: ='Прил 2'!H79 -> 0 | M13: ='Прил 2'!I79 -> 0 | N13: ='Прил 2'!J79 -> 0 | O13: ='Прил 2'!K79 -> 0 | P13: ='Прил 2'!L79 -> 0 | Q13: ='Прил 2'!M79 -> 0
C14: 730 | D14: 05 | E14: 02 | F14: 0940170640 | G14: 414 | H14: ='Прил 2'!D112*95.6% -> 38474.889 | K14: ='Прил 2'!G81*95%+'Прил 2'!G182*95% -> 23051.37 | L14: ='Прил 2'!H87*95%+7386.2*95% -> 16360.995 | M14: =23247.5*95% -> 22085.125 | N14: ='Прил 2'!J186*95% -> 4750 | O14: ='Прил 2'!K47+'Прил 2'!K172 -> 15200 | P14: ='Прил 2'!L172 -> 5700 | Q14: ='Прил 2'!M172 -> 5700
C15: 730 | D15: 05 | E15: 02 | F15: 0940170649 | G15: 414 | H15: ='Прил 2'!D112*4.4% -> 1770.8108 | K15: ='Прил 2'!G81*5%+'Прил 2'!G182*5% -> 1213.23 | L15: ='Прил 2'!H87*5%+7386.2*5% -> 861.105 | M15: =23247.5*5% -> 1162.375 | N15: ='Прил 2'!J186*5% -> 250 | O15: ='Прил 2'!K48+'Прил 2'!K173 -> 800 | P15: ='Прил 2'!L173 -> 300 | Q15: ='Прил 2'!M173 -> 300
C16: 730 | D16: 05 | E16: 02 | F16: 0920209881 | G16: 414 | J16: ='Прил 2'!F219*95% -> 99999.945 | K16: ='Прил 2'!G219*95%+'Прил 2'!G110*95% -> 347419.74 | L16: ='Прил 2'!H110*95%+'Прил 2'!H144*95% -> 166998.98 | M16: ='Прил 2'!I219*95% -> 0 | N16: ='Прил 2'!J219*95% -> 0 | O16: ='Прил 2'!K219*95% -> 0 | P16: ='Прил 2'!L219*95% -> 0 | Q16: ='Прил 2'!M219*95% -> 0
C17: 730 | D17: 05 | E17: 02 | F17: 0920209889 | G17: 414 | J17: ='Прил 2'!F219*5% -> 5263.155 | K17: ='Прил 2'!G219*5%+'Прил 2'!G110*5%+0.1 -> 18285.35 | L17: ='Прил 2'!H110*5%+'Прил 2'!H144*5% -> 8789.42 | M17: ='Прил 2'!I219*5% -> 0 | N17: ='Прил 2'!J219*5% -> 0 | O17: ='Прил 2'!K219*5% -> 0 | P17: ='Прил 2'!L219*5% -> 0 | Q17: ='Прил 2'!M219*5% -> 0
C18: 730 | D18: 05 | E18: 02 | F18: 9900000126 | G18: 414 | H18: ='Прил 2'!D217 -> 3750.15 | I18: ='Прил 2'!E140 -> 3086.5 | J18: ='Прил 2'!F194+'Прил 2'!F196 -> 28199.5 | K18: ='Прил 2'!G140 -> 3500 | L18: ='Прил 2'!H140 -> 3710 | M18: ='Прил 2'!I140 -> 3932.6 | N18: 0 | O18: 0 | P18: 0 | Q18: 0
C19: 730 | D19: 05 | E19: 02 | F19: 6600002260 | G19: 244 | I19: ='Прил 2'!E259 -> 3890 | K19: ='Прил 2'!G259 -> 4155.6
C20: 730 | D20: 05 | E20: 03 | F20: 9900007270 | G20: 611 | J20: ='Прил 2'!F307+'Прил 2'!F309+'Прил 2'!F311+'Прил 2'!F313 -> 8143.6
B21: Итого | H21: =SUM(H7:H20) -> 51859.73 | I21: =SUM(I7:I20) -> 13813.7 | J21: =SUM(J7:J20) -> 155276.47 | K21: =SUM(K7:K20) -> 403363.69 | L21: =SUM(L7:L20) -> 220013.8 | M21: =SUM(M7:M20) -> 27180.1 | N21: =SUM(N7:N20) -> 5000 | O21: =SUM(O7:O20) -> 16000 | ... Q21: =SUM(Q7:Q20) -> 6000
